[Event "42nd Olympiad Baku 2016 Women"]
[Site "Baku"]
[Date "2016.09.03"]
[Round "2.12"]
[White "Al-Fayyadh, Zainab Asif Abdulah"]
[Black "Naleli Mcpherson"]
[Result "1-0"]
[ECO "C60"]
[WhiteElo "1703"]
[BlackElo "1259"]
[Annotator ""]
[PlyCount "71"]
[EventDate "2016.??.??"]
[EventCountry "AZE"]
[SourceTitle "playchess.com"]
[Source "ChessBase"]
[WhiteTeam "Iraq"]
[BlackTeam "Lesotho"]
[WhiteTeamCountry "IRQ"]
[BlackTeamCountry "LES"]
[TimeControl "40/5400+30:1800+30"]

1. e4 {(00:00)} e5 {(00:00)} 2. Nf3 {(00:00)} Nc6 {
(00:00)} 3. Bb5 {(00:00)} Nge7 {(00:58)} 4. O-O {(
00:00)} d6 {(00:25)} 5. d4 {(00:41)} Bd7 {(02:17)} 6. Nc3
{(02:24)} g6 {(01:33)} 7. d5 {(04:16)} Nb8 {(04:50]
} 8. Ng5 {(06:12)} Bxb5 {(04:34)} 9. Nxb5 {(04:52)} Bg7 {
(01:04)} 10. Qf3 {(01:45)} O-O {(01:14)} 11. Qh3 {(
05:31)} h6 {(02:25)} 12. Nf3 {(00:31)} h5 {(03:52)} 13.
Bg5 {(03:01)} c6 {(04:37)} 14. Nc3 {(01:06)} Nd7 {(
07:08)} 15. Rad1 {(03:27)} Nf6 {(01:51)} 16. Qh4 {(00:31)}
Nc8 {(04:30)} 17. dxc6 {(02:26)} bxc6 {(01:39)} 18. Nxe5 {
(01:24)} Qa5 {(09:11)} 19. Nxc6 {(02:10)} Qc5 {(01:
43)} 20. Bxf6 {(05:01)} Bxf6 {(00:47)} 21. Qxf6 {(00:07)}
Qxc6 {(00:30)} 22. e5 {(00:17)} Nb6 {(09:25)} 23. Rxd6 {
(06:42)} Qc7 {(05:25)} 24. Rfd1 {(11:17)} Rae8 {(
10:25)} 25. Qg5 {(08:02)} Qe7 {(07:45)} 26. Qxe7 {(10:05)}
Rxe7 {(00:33)} 27. Nd5 {(00:36)} Nxd5 {(01:41)} 28. R6xd5
{(00:14)} Rfe8 {(00:59)} 29. f4 {(00:41)} Kg7 {(01:
08)} 30. Rd7 {(02:19)} a5 {(02:45)} 31. Rxe7 {(03:22)}
Rxe7 {(00:24)} 32. Rd5 {(00:18)} Rb7 {(00:37)} 33. b3 {
(00:29)} Ra7 {(00:32)} 34. Kf2 {(00:25)} f6 {(00:
56)} 35. e6 {(00:27)} Rc7 {(00:28)} 36. Rd7+ 1-0

[Event "42nd Olympiad Baku 2016 Women"]
[Site "Baku"]
[Date "2016.09.03"]
[Round "2.18"]
[White "Al-khulaifi, Fatima A"]
[Black "Bejatovic, Bojana"]
[Result "0-1"]
[ECO "A10"]
[WhiteElo "1584"]
[BlackElo "2063"]
[Annotator ""]
[PlyCount "134"]
[EventDate "2016.??.??"]
[EventCountry "AZE"]
[SourceTitle "playchess.com"]
[Source "ChessBase"]
[WhiteTeam "Qatar"]
[BlackTeam "Macedonia"]
[WhiteTeamCountry "QAT"]
[BlackTeamCountry "MKD"]
[TimeControl "40/5400+30:1800+30"]

1. c4 {(00:00)} f5 {(00:00)} 2. Nc3 {(00:00)} Nf6 {
(00:00)} 3. g3 {(00:00)} g6 {(00:07)} 4. Bg2 {(00:
05)} Bg7 {(00:11)} 5. d3 {(00:30)} d6 {(02:08)} 6. e3 {
(00:14)} O-O {(01:45)} 7. Nge2 {(00:14)} e5 {(00:
34)} 8. O-O {(00:17)} c6 {(00:39)} 9. b4 {(00:47)} Be6 {
(05:07)} 10. b5 {(01:32)} Qc7 {(04:25)} 11. bxc6 {(
02:01)} bxc6 {(01:40)} 12. Qa4 {(01:03)} Rc8 {(05:43)} 13.
Ba3 {(09:56)} Nbd7 {(03:51)} 14. Rab1 {(06:35)} a6 {
(11:11)} 15. Rfd1 {(13:25)} d5 {(06:15)} 16. cxd5 {
(15:13)} cxd5 {(06:21)} 17. d4 {(08:45)} e4 {(07:
45)} 18. Nf4 {(02:27)} Bf7 {(00:33)} 19. Rdc1 {(01:06)}
Qa7 {(01:48)} 20. Qa5 {(02:55)} Qc7 {(04:28)} 21. Qa4 {
(12:53)} Nb6 {(03:41)} 22. Qa5 {(03:43)} Nc4 {(02:
20)} 23. Qxc7 {(00:03)} Rxc7 {(00:07)} 24. Bc5 {(01:13)}
g5 {(01:06)} 25. Nfe2 {(04:50)} Rac8 {(09:53)} 26. Na4 {
(00:51)} Nd7 {(01:26)} 27. Nec3 {(03:01)} Bf8 {(06:
09)} 28. Bxf8 {(03:49)} Kxf8 {(00:02)} 29. Bf1 {(00:33)}
Ke7 {(05:11)} 30. Bxc4 {(02:03)} Rxc4 {(00:07)} 31. a3 {
(01:09)} Kd8 {(04:13)} 32. Rb4 {(01:31)} R8c6 {(03:
32)} 33. Rxc4 {(01:13)} Rxc4 {(00:01)} 34. Rb1 {(01:02)}
Kc7 {(00:43)} 35. Kf1 {(00:30)} Nf8 {(03:43)} 36. Ke1 {
(01:13)} Ng6 {(00:39)} 37. Kd2 {(00:20)} Ne7 38. Nb6 {
(00:46)} Rc6 {(00:32)} 39. Na8+ {(00:31)} Kc8 {(00:
09)} 40. Nb6+ {(00:00)} Kc7 {(00:00)} 41. Na8+ {(00:03)}
Kd6 {(02:36)} 42. Rb7 {(03:27)} Be8 {(05:45)} 43. Rb8 {
(05:40)} Rc8 {(01:01)} 44. Rb6+ {(09:58)} Bc6 {(00:
23)} 45. Rxa6 {(04:31)} Rxa8 {(00:20)} 46. Rb6 {(00:01)}
Kc7 {(01:57)} 47. Rb3 {(00:28)} Nc8 {(01:22)} 48. Nb5+ {
(03:27)} Bxb5 {(03:03)} 49. Rxb5 {(00:02)} Nb6 {(
00:06)} 50. Rc5+ {(01:00)} Kd6 {(02:09)} 51. Rc3 {(00:01)}
Nc4+ {(00:08)} 52. Kc2 {(03:05)} Rxa3 {(00:29)} 53. Rxa3 {
(00:29)} Nxa3+ {(00:05)} 54. Kb3 {(00:43)} Nc4 {(
00:07)} 55. Kc3 {(00:11)} Ke6 {(00:19)} 56. h3 {(00:43)}
Nd6 {(01:26)} 57. Kb4 {(00:42)} Ne8 {(00:12)} 58. Kc3 {
(00:22)} f4 {(01:55)} 59. Kd2 {(01:30)} h5 {(01:01]
} 60. Ke2 {(00:36)} Kf5 {(00:37)} 61. Kd2 {(00:20)} Nf6 {
(01:45)} 62. Ke2 {(00:30)} h4 {(03:29)} 63. gxh4 {(
02:57)} gxh4 {(00:52)} 64. Kd2 {(00:18)} Nh7 {(00:16)} 65.
Ke1 {(01:07)} Ng5 {(00:08)} 66. Kf1 {(00:01)} Nxh3 {
(00:10)} 67. Kg2 {(00:04)} Nxf2 {(00:57)} 0-1

[Event "42nd Olympiad Baku 2016 Women"]
[Site "Baku"]
[Date "2016.09.03"]
[Round "2.27"]
[White "Almanzar Vasquez, Jennifer Maria"]
[Black "Ashley, Christiana Naa Merl"]
[Result "1-0"]
[ECO "C42"]
[WhiteElo "1768"]
[BlackElo "1390"]
[Annotator ""]
[PlyCount "123"]
[EventDate "2016.??.??"]
[EventCountry "AZE"]
[SourceTitle "playchess.com"]
[Source "ChessBase"]
[WhiteTeam "Dominican Republic"]
[BlackTeam "Ghana"]
[WhiteTeamCountry "DOM"]
[BlackTeamCountry "GHA"]
[TimeControl "40/5400+30:1800+30"]

1. e4 {(00:00)} e5 {(00:01)} 2. Nf3 {(00:00)} Nf6 {
(00:11)} 3. Bc4 {(00:18)} Nxe4 {(06:51)} 4. Qe2 {(
05:24)} d5 {(01:28)} 5. d3 {(05:26)} Be6 {(12:29)} 6. dxe4
{(05:14)} dxc4 {(01:06)} 7. Nxe5 {(01:09)} Qd4 {(
00:22)} 8. Nf3 {(00:33)} Qb6 {(01:28)} 9. O-O {(00:43)}
Bg4 {(00:40)} 10. Nbd2 {(01:07)} Qf6 {(01:04)} 11. Qxc4 {
(00:26)} c6 {(01:13)} 12. Re1 {(04:43)} Nd7 {(00:
41)} 13. e5 {(02:39)} Qe6 {(01:51)} 14. Qxe6+ {(05:27)}
Bxe6 {(00:49)} 15. Ng5 {(03:19)} Bf5 {(00:34)} 16. e6 {
(01:34)} fxe6 {(01:11)} 17. Nxe6 {(00:16)} Bxe6 {(
01:02)} 18. Rxe6+ {(00:02)} Kf7 {(00:59)} 19. Re1 {(00:35]
} Bd6 {(00:34)} 20. Nc4 {(00:45)} Bc5 {(01:01)} 21. Bf4 {
(02:25)} b5 {(05:09)} 22. Nd6+ {(05:20)} Bxd6 {(02:
17)} 23. Bxd6 {(00:07)} Rae8 {(00:19)} 24. Kf1 {(00:39)}
Re6 {(00:16)} 25. Rxe6 {(00:30)} Kxe6 {(00:10)} 26. Bg3 {
(00:18)} Nc5 27. Rd1 a5 {(05:44)} 28. Rd6+ {(01:02)} Kf5 {
(00:49)} 29. Rxc6 {(00:10)} Na4 {(01:39)} 30. b3 {(
00:21)} Nb2 {(01:04)} 31. Rc5+ {(00:52)} Ke6 {(00:17)} 32.
Rxb5 {(00:09)} Ra8 {(00:30)} 33. Be5 {(00:58)} Nd1 {
(01:26)} 34. Ke1 {(00:35)} a4 {(01:50)} 35. Kxd1 {(
00:30)} Rd8+ {(00:12)} 36. Ke2 {(00:33)} axb3 {(01:53)}
37. axb3 {(00:07)} g6 {(00:12)} 38. Bb2 {(00:29)} Ra8 {
(00:10)} 39. Bd4 {(01:44)} Kd6 {(00:29)} 40. Kd3 {(
01:07)} Kc6 {(00:36)} 41. c4 {(00:35)} h5 {(00:45)} 42.
Rb6+ {(00:09)} Kd7 {(00:42)} 43. Rxg6 {(00:08)} Ra3 {
(00:11)} 44. Kc3 {(00:03)} Ra5 {(01:05)} 45. c5 {(
00:27)} Rb5 {(00:39)} 46. Kc4 {(00:16)} Ra5 {(00:24)} 47.
b4 {(00:14)} Ra2 {(00:25)} 48. b5 {(00:50)} Ke7 {(
01:22)} 49. b6 {(00:23)} Ra4+ {(01:35)} 50. Kd5 {(00:20)}
Rb4 {(00:19)} 51. Rg7+ {(01:17)} Kd8 52. b7 {(00:31)} Rb5
{(02:00)} 53. b8=Q+ {(00:30)} Rxb8 {(00:30)} 54. Rg8+ {
(00:18)} Kc7 {(00:21)} 55. Be5+ {(00:02)} Kb7 56. Rxb8+
Ka7 {(01:06)} 57. c6 {(00:41)} h4 58. c7 h3 {(01:11)} 59.
gxh3 {(00:36)} Ka6 60. c8=Q+ Ka5 {(01:48)} 61. Kc4 {(00:
37)} Ka4 {(00:10)} 62. Ra8# 1-0

[Event "42nd Olympiad Baku 2016 Women"]
[Site "Baku"]
[Date "2016.09.03"]
[Round "2.13"]
[White "Almeraj, Etedal"]
[Black "Vargas, Gabriela"]
[Result "0-1"]
[ECO "B01"]
[WhiteElo "1072"]
[BlackElo "2050"]
[Annotator ""]
[PlyCount "68"]
[EventDate "2016.??.??"]
[EventCountry "AZE"]
[SourceTitle "playchess.com"]
[Source "ChessBase"]
[WhiteTeam "Kuwait"]
[BlackTeam "Paraguay"]
[WhiteTeamCountry "KUW"]
[BlackTeamCountry "PAR"]
[TimeControl "40/5400+30:1800+30"]

1. e4 {(00:00)} d5 {(00:00)} 2. exd5 {(00:22)} Nf6 {
(00:24)} 3. Nc3 {(00:30)} Nxd5 {(00:24)} 4. Ne4 {(
01:24)} Bf5 {(02:05)} 5. d3 {(02:47)} Nc6 {(01:27)} 6. Nf3
{(01:10)} e5 {(04:14)} 7. Bg5 {(05:06)} Be7 {(02:
05)} 8. Be2 {(02:30)} Bxg5 {(07:56)} 9. Nfxg5 {(02:27)}
Bg6 {(03:50)} 10. O-O {(05:31)} f5 {(03:48)} 11. Ne6 {
(02:27)} Qe7 {(00:48)} 12. N4c5 {(00:24)} Bf7 {(12:
34)} 13. Bh5 {(06:15)} g6 {(01:32)} 14. Ng7+ {(08:52)} Kf8
{(01:20)} 15. Nxf5 {(10:30)} Qxc5 {(04:51)} 16. c4 {
(03:08)} Nf4 {(01:46)} 17. Nh6 {(05:14)} Nxh5 {(03:
02)} 18. Qf3 {(03:19)} Nd8 {(04:07)} 19. Rad1 {(02:23)}
Kg7 {(03:02)} 20. Ng4 {(02:00)} Nc6 {(02:31)} 21. Rde1 {
(02:56)} Be6 {(01:13)} 22. h3 {(03:18)} Rhf8 {(00:
45)} 23. Qe2 {(01:49)} Ng3 {(00:52)} 24. Ne3 {(00:56)}
Nxe2+ {(00:16)} 25. Rxe2 {(00:20)} Nd4 {(00:12)} 26. Rd2 {
(01:42)} Qc6 {(00:56)} 27. Ng4 {(02:37)} Bxg4 {(00:
40)} 28. hxg4 {(00:40)} Nf3+ {(00:20)} 29. gxf3 {(00:40)}
Qxf3 {(00:09)} 30. d4 {(02:52)} Qxg4+ {(00:43)} 31. Kh1 {
(00:53)} Rf3 {(00:22)} 32. Rd3 {(00:54)} Raf8 {(01:
08)} 33. dxe5 {(01:35)} R8f4 {(00:46)} 34. Rg1 {(00:24)}
Qh3# {(00:10)} 0-1

[Event "42nd Olympiad Baku 2016 Women"]
[Site "Baku"]
[Date "2016.09.03"]
[Round "2.23"]
[White "Alymbay Kyzy, Aizhan"]
[Black "Salim-Moussa, Arzy Zahia"]
[Result "1-0"]
[ECO "C46"]
[WhiteElo "1913"]
[BlackElo "1403"]
[Annotator ""]
[PlyCount "43"]
[EventDate "2016.??.??"]
[EventCountry "AZE"]
[SourceTitle "playchess.com"]
[Source "ChessBase"]
[WhiteTeam "Kyrgyzstan"]
[BlackTeam "Netherlands Antilles"]
[WhiteTeamCountry "KGZ"]
[BlackTeamCountry "AHO"]
[TimeControl "40/5400+30:1800+30"]

1. e4 {(00:00)} e5 {(00:00)} 2. Nf3 {(00:00)} Nc6 {
(00:00)} 3. Nc3 {(00:00)} d6 {(00:28)} 4. d4 {(00:
24)} exd4 {(02:27)} 5. Nxd4 {(00:47)} Nxd4 {(01:42)} 6.
Qxd4 {(00:06)} Bd7 {(02:00)} 7. Bc4 {(01:09)} Nf6 {
(03:07)} 8. O-O {(04:12)} c5 {(04:17)} 9. Qd3 {(03:
35)} Be7 {(02:35)} 10. Bf4 {(03:03)} O-O {(06:57)} 11.
Bxd6 {(02:49)} Bxd6 {(02:27)} 12. Qxd6 {(00:05)} Qc8 {
(05:33)} 13. Qg3 {(02:49)} Be6 {(07:52)} 14. Be2 {(
08:43)} Rd8 {(06:36)} 15. Rfd1 {(04:19)} Rxd1+ {(04:36)}
16. Rxd1 {(00:05)} Bg4 {(01:12)} 17. Nd5 {(11:03)} Qb8 {
(16:50)} 18. Nxf6+ {(00:10)} gxf6 {(03:48)} 19. Qxg4+ {
(00:06)} Kh8 {(00:04)} 20. Qf5 {(00:09)} Qe5 {(04:
47)} 21. Qxe5 {(00:43)} fxe5 {(00:06)} 22. Rd7 {(00:07)}
1-0

[Event "42nd Olympiad Baku 2016 Women"]
[Site "Baku"]
[Date "2016.09.03"]
[Round "2.29"]
[White "Arribas Robaina, Maritza"]
[Black "Latreche, Sabrina"]
[Result "1-0"]
[ECO "C70"]
[WhiteElo "2315"]
[BlackElo "2059"]
[Annotator ""]
[PlyCount "103"]
[EventDate "2016.??.??"]
[EventCountry "AZE"]
[SourceTitle "playchess.com"]
[Source "ChessBase"]
[WhiteTeam "Cuba"]
[BlackTeam "Algeria"]
[WhiteTeamCountry "CUB"]
[BlackTeamCountry "ALG"]
[TimeControl "40/5400+30:1800+30"]

1. e4 {(00:00)} e5 {(00:00)} 2. Nf3 {(00:00)} Nc6 {
(00:03)} 3. Bb5 {(00:07)} a6 {(00:26)} 4. Ba4 {(00:
24)} Nge7 {(00:20)} 5. O-O {(01:58)} g6 {(00:39)} 6. d4 {
(01:07)} exd4 {(01:00)} 7. Nxd4 {(01:45)} b5 {(04:
23)} 8. Nxc6 {(02:42)} Nxc6 {(00:54)} 9. Bb3 {(00:07)} Bg7
{(00:21)} 10. Bd5 {(04:34)} Bb7 {(02:23)} 11. Nd2 {
(02:42)} Na5 {(02:26)} 12. a4 {(03:00)} O-O {(08:
56)} 13. Bxb7 {(05:06)} Nxb7 {(01:16)} 14. Nb3 {(02:37)}
Qe7 {(07:45)} 15. Qd3 {(06:05)} Nd6 {(17:30)} 16. f3 {
(04:39)} Nc4 {(03:27)} 17. c3 {(01:08)} Ne5 {(07:
25)} 18. Qe2 {(01:59)} Qe6 {(05:56)} 19. Nd4 {(13:00)} Qc4
{(01:21)} 20. Qd1 {(17:53)} Nd3 {(11:37)} 21. Ne2 {
(00:36)} Qc5+ {(00:14)} 22. Kh1 {(02:04)} Nf2+ {(
00:08)} 23. Rxf2 {(00:06)} Qxf2 {(00:04)} 24. Nf4 {(00:21]
} d6 {(04:23)} 25. Nd5 {(01:19)} c5 {(04:00)} 26. Rb1 {
(04:22)} Qh4 {(02:47)} 27. Bf4 {(07:22)} Be5 {(01:
37)} 28. g3 {(00:09)} Qh3 {(02:18)} 29. Qd2 {(00:57)} bxa4
{(02:44)} 30. Rd1 {(01:01)} Kg7 {(01:55)} 31. Qf2 {
(08:30)} Bxf4 {(04:07)} 32. Nxf4 {(00:28)} Qd7 {(
00:04)} 33. e5 {(00:20)} Rfd8 {(00:57)} 34. exd6 {(02:42)}
Qc6 {(00:10)} 35. Qe3 {(00:49)} Re8 {(01:01)} 36. Qd3 {
(02:18)} Rad8 {(00:57)} 37. c4 {(00:43)} f6 {(01:
10)} 38. Kg2 {(00:46)} Rd7 {(00:24)} 39. h4 {(00:10)} Kg8
{(01:20)} 40. Kf2 {(00:00)} Red8 {(00:00)} 41. Qe3 {
(10:43)} Rxd6 {(04:22)} 42. Nd5 {(00:15)} Re8 {(00:
24)} 43. Qf4 {(02:02)} Rde6 {(01:33)} 44. Rd2 {(00:06)}
Rf8 {(02:49)} 45. g4 {(04:22)} Kg7 {(04:00)} 46. h5 {
(07:00)} Qd6 {(01:48)} 47. Nc7 {(00:35)} Re2+ {(00:
19)} 48. Rxe2 {(00:21)} Qxf4 {(03:12)} 49. Ne6+ {(00:07)}
Kf7 {(00:03)} 50. hxg6+ {(00:58)} hxg6 {(00:11)} 51. Nxf4
{(00:06)} Rb8 {(00:14)} 52. Nd3 {(01:09] Ke8} 1-0

[Event "42nd Olympiad Baku 2016 Women"]
[Site "Baku"]
[Date "2016.09.03"]
[Round "2.2"]
[White "Atthaworadej, Worasuda"]
[Black "McDowell, Sharon"]
[Result "1-0"]
[ECO "A13"]
[WhiteElo "1748"]
[BlackElo "1685"]
[Annotator ""]
[PlyCount "89"]
[EventDate "2016.??.??"]
[EventCountry "AZE"]
[SourceTitle "playchess.com"]
[Source "ChessBase"]
[WhiteTeam "Thailand"]
[BlackTeam "Honduras"]
[WhiteTeamCountry "THA"]
[BlackTeamCountry "HON"]
[TimeControl "40/5400+30:1800+30"]

1. c4 {(00:00)} e6 {(01:25)} 2. g3 {(00:21)} Nf6 {(
00:31)} 3. Bg2 {(00:17)} Be7 {(01:13)} 4. Nc3 {(00:51)}
O-O {(01:02)} 5. Nf3 {(00:51)} Nc6 {(11:00)} 6. O-O {
(01:38)} d5 {(11:38)} 7. cxd5 {(06:43)} exd5 {(00:
16)} 8. d4 {(02:18)} Re8 {(11:42)} 9. Bg5 {(09:16)} Ne4 {
(01:02)} 10. Bxe7 {(02:44)} Nxe7 {(01:54)} 11. Qb3 {
(13:22)} c6 {(00:34)} 12. Nxe4 {(07:48)} dxe4 {(02:
57)} 13. Ng5 {(00:48)} Nd5 {(08:41)} 14. Nxe4 {(04:06)}
Rb8 {(03:32)} 15. e3 {(02:46)} Bf5 {(01:40)} 16. Nc3 {
(03:39)} Nxc3 {(05:27)} 17. bxc3 {(02:07)} Be4 {(
00:16)} 18. c4 {(02:05)} Qe7 {(01:08)} 19. Rfd1 {(02:54)}
Bxg2 {(01:28)} 20. Kxg2 {(00:12)} Qe4+ {(00:13)} 21. Kg1 {
(01:17)} h5 {(02:43)} 22. d5 {(05:00)} h4 {(03:23)}
23. Rd4 {(02:13)} Qe5 {(00:14)} 24. Rad1 {(05:14)} g5 {
(00:27)} 25. d6 {(06:51)} h3 {(01:35)} 26. Qd3 {(
03:08)} Rbd8 {(11:27)} 27. Rc1 {(05:05)} Re6 {(00:41)} 28.
c5 {(02:05)} Rd7 {(04:56)} 29. a4 {(01:18)} a5 {(
00:38)} 30. Qd2 {(01:36)} f5 {(02:26)} 31. Qxa5 {(01:22)}
f4 {(00:10)} 32. Qd2 {(01:36)} fxe3 {(00:40)} 33. Qxe3 {
(00:38)} Qf5 {(00:29)} 34. Qd3 {(01:06)} Qe5 {(00:
35)} 35. Qd2 {(00:43)} Qf6 {(01:53)} 36. Rd3 {(01:58)} g4
{(01:51)} 37. Qf4 {(01:20)} Qg6 {(00:22)} 38. Re3 {
(00:24)} Rf6 {(00:02)} 39. Qe4 {(00:26)} Qf7 {(00:
00)} 40. Qxg4+ {(00:00)} Kh7 {(00:00)} 41. Qxh3+ {(06:30)}
Rh6 {(04:17)} 42. Qg4 {(01:44)} Rg6 {(01:36)} 43. Qf3 {
(02:25)} Qg7 {(01:51)} 44. Rce1 {(01:54)} Rf7 {(00:
59)} 45. Qxf7 {(01:25] Qf6 Qxf6} 1-0

[Event "42nd Olympiad Baku 2016 Women"]
[Site "Baku"]
[Date "2016.09.03"]
[Round "2.16"]
[White "Avalos, Rosana"]
[Black "Alawadhi, Amenah"]
[Result "1-0"]
[ECO "B01"]
[WhiteElo "1576"]
[BlackElo "1393"]
[Annotator ""]
[PlyCount "59"]
[EventDate "2016.??.??"]
[EventCountry "AZE"]
[SourceTitle "playchess.com"]
[Source "ChessBase"]
[WhiteTeam "Paraguay"]
[BlackTeam "Kuwait"]
[WhiteTeamCountry "PAR"]
[BlackTeamCountry "KUW"]
[TimeControl "40/5400+30:1800+30"]

1. e4 {(00:00)} d5 {(00:00)} 2. exd5 {(00:00)} Nf6 {
(00:01)} 3. Nc3 {(01:57)} Nxd5 {(01:13)} 4. Nf3 {(
00:21)} e6 {(15:07)} 5. g3 {(00:25)} Be7 {(08:57)} 6. Bg2
{(00:08)} Nc6 {(03:22)} 7. d4 {(01:45)} O-O {(08:
46)} 8. O-O {(00:08)} Nf6 {(08:30)} 9. Bf4 {(00:57)} a6 {
(03:11)} 10. Re1 {(02:01)} b5 {(05:04)} 11. Ne5 {(
00:56)} Nxe5 {(03:23)} 12. Bxa8 {(03:31)} Nc4 {(03:00)}
13. Rb1 {(06:07)} Nb6 {(02:31)} 14. Bg2 {(00:09)} b4 {
(02:10)} 15. Ne4 {(01:48)} Nbd5 {(04:34)} 16. Bd2 {
(01:17)} Nxe4 {(03:12)} 17. Bxe4 {(02:04)} c5 {(03:
00)} 18. dxc5 {(14:38)} Bxc5 {(01:38)} 19. Qe2 {(02:14)}
a5 {(02:58)} 20. Red1 {(04:27)} Bb7 {(05:58)} 21. c4 {
(02:24)} f5 {(03:41)} 22. Bg2 {(00:32)} Rf6 {(07:
25)} 23. cxd5 {(00:21)} Bxd5 {(00:11)} 24. Bg5 {(00:35)}
f4 {(02:38)} 25. Bxf6 {(01:08)} Qxf6 {(00:07)} 26. Bxd5 {
(00:33)} Kf8 {(01:26)} 27. Qxe6 {(00:27)} Qxe6 {(
00:16)} 28. Bxe6 {(00:07)} f3 {(00:22)} 29. Rd7 {(00:14)}
g5 {(00:42)} 30. Rc1 {(00:19)} 1-0

[Event "42nd Olympiad Baku 2016 Women"]
[Site "Baku"]
[Date "2016.09.03"]
[Round "2.23"]
[White "Avramidou, Anastasia"]
[Black "Aliaga Fernandez, Ingrid Y"]
[Result "1-0"]
[ECO "D26"]
[WhiteElo "2273"]
[BlackElo "2096"]
[Annotator ""]
[PlyCount "103"]
[EventDate "2016.??.??"]
[EventCountry "AZE"]
[SourceTitle "playchess.com"]
[Source "ChessBase"]
[WhiteTeam "Greece"]
[BlackTeam "Peru"]
[WhiteTeamCountry "GRE"]
[BlackTeamCountry "PER"]
[TimeControl "40/5400+30:1800+30"]

1. d4 d5 {(00:00)} 2. c4 {(00:00)} dxc4 {(00:00)} 3. Nf3
Nf6 {(00:10)} 4. e3 {(00:00)} e6 {(00:07)} 5. Bxc4 {
(00:00)} a6 {(00:08)} 6. a4 {(00:09)} b6 {(00:07)}
7. O-O {(01:19)} Bb7 {(00:05)} 8. Nc3 {(03:15)} Bb4 {
(02:28)} 9. Ne5 {(12:56)} O-O {(11:18)} 10. Qe2 {(
06:29)} Nbd7 {(20:39)} 11. Rd1 {(11:28)} Qe7 {(13:27)} 12.
Nxd7 {(09:15)} Qxd7 {(00:54)} 13. f3 {(05:51)} Rfd8 {
(07:49)} 14. e4 {(03:26)} h6 {(00:27)} 15. Be3 {(
01:50)} Qe8 {(02:41)} 16. Kh1 {(05:44)} Kh8 {(26:27)} 17.
Bf2 {(13:12)} Rd7 {(01:03)} 18. Rac1 {(02:01)} Nh5 {
(05:51)} 19. Qd3 {(11:48)} Nf4 {(01:59)} 20. Qe3 {(
00:26)} Ng6 {(00:07)} 21. Qe2 {(07:51)} Re7 {(01:40)} 22.
b3 {(01:11)} Nf4 {(00:51)} 23. Qe3 {(01:50)} Ng6 {(
00:52)} 24. Na2 {(00:50)} Ba3 {(00:05)} 25. Rb1 {(00:13)}
b5 {(00:31)} 26. Bf1 {(00:53)} b4 {(01:30)} 27. Nc1 {
(00:12)} Bxc1 {(00:27)} 28. Rbxc1 {(00:15)} a5 {(
00:25)} 29. Bg3 {(00:43)} Rc8 {(00:34)} 30. Rc5 {(00:20)}
f5 {(01:04)} 31. Rxa5 {(01:01)} Qf7 {(00:26)} 32. Be1 {
(00:46)} fxe4 {(00:17)} 33. Bxb4 {(00:09)} exf3 {(
00:31)} 34. Bxe7 {(00:20)} Nxe7 {(00:49)} 35. Re1 {(01:03]
} Nf5 {(00:40)} 36. Qxe6 {(00:31)} Qxe6 {(00:55)} 37. Rxe6
{(00:06)} Nxd4 {(00:03)} 38. Re3 {(00:50)} Nc2 {(
01:02)} 39. Rc3 {(00:26)} Ne1 {(00:03)} 40. gxf3 {(00:00)}
Bxf3+ {(00:00)} 41. Kg1 Be4 {(07:07)} 42. Kf2 {(05:40)}
Nc2 {(00:12)} 43. Bg2 {(00:58)} Rf8+ {(00:05)} 44. Kg3 {
(00:34)} Nd4 {(00:07)} 45. Re3 {(09:50)} Nf5+ {(01:
55)} 46. Rxf5 {(00:05)} Bxf5 {(00:05)} 47. a5 {(00:27)}
Bc8 {(03:09)} 48. b4 {(03:01)} Ba6 {(04:04)} 49. Re6 {
(01:01)} Bb5 {(00:05)} 50. a6 {(01:52)} c6 {(00:20]
} 51. Rxc6 {(00:55)} Ra8 {(02:10)} 52. Rb6 {(00:19)} 1-0

[Event "42nd Olympiad Baku 2016 Women"]
[Site "Baku"]
[Date "2016.09.03"]
[Round "2.28"]
[White "Ayiku, Angela Naa Amerley"]
[Black "Villar Acevedo, Darlin Rocio"]
[Result "0-1"]
[ECO "B01"]
[WhiteElo "1477"]
[BlackElo "1781"]
[Annotator ""]
[PlyCount "68"]
[EventDate "2016.??.??"]
[EventCountry "AZE"]
[SourceTitle "playchess.com"]
[Source "ChessBase"]
[WhiteTeam "Ghana"]
[BlackTeam "Dominican Republic"]
[WhiteTeamCountry "GHA"]
[BlackTeamCountry "DOM"]
[TimeControl "40/5400+30:1800+30"]

1. e4 {(00:00)} d5 {(00:03)} 2. exd5 {(01:12)} Qxd5 {
(00:27)} 3. Nc3 {(00:23)} Qa5 {(00:25)} 4. d4 {(01:
38)} c6 {(00:30)} 5. Nf3 {(00:31)} Nf6 {(00:49)} 6. Bd3 {
(01:07)} Bg4 {(06:13)} 7. O-O {(01:31)} e6 {(00:36]
} 8. Bd2 {(03:57)} Qc7 {(00:31)} 9. Bg5 {(04:01)} Nbd7 {
(00:42)} 10. Be2 {(04:52)} Bd6 {(01:32)} 11. Ne5 {(
05:39)} Bxe2 {(00:59)} 12. Nxe2 {(03:21)} Nxe5 {(01:18)}
13. dxe5 {(00:50)} Bxe5 {(00:15)} 14. Ng3 {(03:18)} Bd6 {
(01:14)} 15. Qf3 {(01:39)} O-O-O {(02:41)} 16. Rad1 {
(01:18)} h6 {(03:30)} 17. Bxf6 {(06:59)} gxf6 {(00:
46)} 18. Qxf6 {(00:13)} h5 {(01:27)} 19. Qh4 {(00:29)}
Rdg8 {(01:14)} 20. Ne4 {(03:13)} Be7 {(01:09)} 21. Qh3 {
(05:08)} f5 {(01:19)} 22. Nc3 {(02:12)} Rg6 {(01:
30)} 23. Qf3 {(01:33)} h4 {(01:35)} 24. h3 {(01:03)} Rhg8
{(00:31)} 25. Rfe1 {(06:18)} Bc5 {(03:40)} 26. Kf1 {
(07:00)} Qh2 {(07:53)} 27. Ke2 {(04:13)} Rxg2 {(01:
03)} 28. Rf1 {(01:14)} R8g3 {(02:47)} 29. Rh1 {(06:20)}
Rxf2+ {(00:26)} 30. Kd3 {(05:34)} Rgxf3+ {(00:32)} 31. Kc4
{(00:22)} Qf4+ {(02:07)} 32. Kxc5 {(01:19)} b6+ {(
00:39)} 33. Kxc6 {(00:28)} Qc7+ {(01:26)} 34. Kb5 {(00:20]
} Qc5+ {(00:09)} 0-1